 Dungeon Crawl Stone Soup version 0.28-a0-863-g8cecda6153 (webtiles) character file.

Game seed: 15372416316228604892

982 kae the Ruffian (level 7, -4/57 HPs)
             Began as a Yellow Draconian Transmuter on Nov 18, 2021.
             Succumbed to Duvessa's poison
             ... on level 4 of the Dungeon.
             The game lasted 00:03:13 (4766 turns).

kae the Ruffian (Yellow Draconian Transmuter)       Turns: 4766, Time: 00:03:14

Health: -4/57      AC:  2    Str: 12    XL:     7   Next: 96%
Magic:  11/12      EV: 20    Int: 16    God:
Gold:   201        SH:  0    Dex: 16    Spells: 5/13 levels left

rFire   + . .      SeeInvis .     - Unarmed
rCold   . . .      Faith    .   (shield currently unavailable)
rNeg    . . .      Spirit   .   (armour unavailable)
rPois   x          Reflect  .   (helmet currently unavailable)
rElec   .          Harm     .   (cloak currently unavailable)
rCorr   .          Rampage  .   (gloves currently unavailable)
Will    +....                   (boots currently unavailable)
Stlth   +.........              g - amulet of regeneration
HPRegen 1.19/turn               e - ring of willpower
MPRegen 0.13/turn               c - ring of protection from fire

@: lethally poisoned (-4 -> -27), about to teleport, spider-form (expiring)
A: venomous fangs, (spit acid), AC +6, tiny, unfitting armour, (cold-blooded),
(acid resistance)
a: End Transformation


You were on level 4 of the Dungeon.
You were a venomous arachnid creature.
You visited 1 branch of the dungeon, and saw 4 of its levels.

You collected 201 gold pieces.

Inventory:

Missiles
 f - a throwing net
Armour
 j - a +0 cloak (melded)
Jewellery
 c - a ring of protection from fire (right front leg)
 e - a ring of willpower (left front leg)
 g - an amulet of regeneration (around neck)
 i - an amulet of the acrobat
Wands
 h - a wand of polymorph (2)
Scrolls
 a - a scroll of identify
Potions
 b - a potion of degeneration
 l - a potion of attraction


   Skills:
 + Level 3.5 Fighting
 + Level 3.4 Dodging
 * Level 5.7 Unarmed Combat
 + Level 3.6 Spellcasting
 + Level 3.7 Transmutations
 * Level 2.9 Ice Magic
 - Level 2.0 Poison Magic


You had 5 spell levels left.
You knew the following spells:

 Your Spells              Type           Power      Damage    Failure   Level
a - Beastly Appendage     Tmut           28%        N/A       12%         1
b - Spider Form           Tmut/Pois      12%        N/A       34%         3
c - Ice Form              Ice/Tmut       13%        N/A       63%         4

Your spell library contained the following spells:

 Spells                   Type           Power      Damage    Failure   Level
 Wereblood                Tmut           14%        N/A       17%         2
 Apportation              Tloc           4%         N/A       36%         1
 Alistair's Intoxication  Tmut/Pois      8%         N/A       94%         5


Dungeon Overview and Level Annotations

Branches:
Dungeon (4/15)
 Temple: D:4-7

Altars:
Xom

Shops:
D:1 [

Annotations:
D:4 Duvessa


Innate Abilities, Weirdness & Mutations

You are a venomous arachnid creature.
You have poisonous fangs.
You are tiny and dextrous.
Your spellcasting is less reliable in this form.
Your armour is entirely melded.
You are incapable of wielding weapons or throwing items.
((You can spit globs of acid.))
((Your golden yellow scales are hard. (AC +6)))
You cannot fit into any form of body armour.
((You are cold-blooded and may be slowed by cold attacks.))
((You are resistant to acid. (rCorr)))


Message History

You feel better. Duvessa closely misses you. Duvessa barely misses you.
You hit Duvessa.
Duvessa is poisoned.
Duvessa is lightly wounded.
Duvessa closely misses you.
You hit Duvessa but do no damage.
Duvessa looks even sicker.
Duvessa is lightly wounded.
Duvessa misses you. x2
You hit Duvessa but do no damage.
Duvessa looks as sick as possible!
Duvessa is lightly wounded.
Duvessa misses you.
You hit Duvessa but do no damage.
Duvessa looks as sick as possible!
Duvessa is lightly wounded.
Duvessa closely misses you.
You hit Duvessa.
Duvessa looks as sick as possible!
Duvessa is lightly wounded.
Your transformation is almost over.
Duvessa hits you with a +1 short sword of venom!
Duvessa misses you.
You bite Duvessa!
Duvessa is moderately wounded.
Duvessa hits you with a +1 short sword of venom!
You are lethally poisoned!
You hit Duvessa but do no damage.
Duvessa looks as sick as possible!
Duvessa is moderately wounded.
* * * LOW HITPOINT WARNING * * *
You feel very sick. Duvessa completely misses you.
You feel better.
Duvessa hits you with a +1 short sword of venom!
You are poisoned.
Duvessa completely misses you.
As you read the scroll of teleportation, it crumbles to dust.
You feel strangely unstable.
You feel very sick. Duvessa completely misses you.
You feel very sick.
Duvessa hits you with a +1 short sword of venom!
* * * LOW HITPOINT WARNING * * *
You are more poisoned.
You die...

#..<.....######..##.......
#...............>#........
#.........................
#.............#...........
#..................####..)
##.............#...........
..............######.......
##............# #...####
########...s...# #...#
#......##......# #.....
.......#e###### #......
♣.).#.# #..####. ♣..'.#
##.. ♣..### ♣...# .....#
......##


You could see Duvessa (berserk, extremely poisoned).

Vanquished Creatures
  Sigmund (D:3)
  A phantom (D:4)
  2 scorpions
  Dowan (D:4)
  A water moccasin skeleton (D:4)
  An orc priest (D:4)
  A hound (D:4)
  Crazy Yiuf (D:2)
  Jessica (D:2)
  2 iguanas
  2 orc wizards
  Natasha (thrice) (D:3)
  Terence (D:3)
  A hound skeleton (D:4)
  Robin (D:2)
  6 adders
  An ufetubus (D:3)
  An adder skeleton (D:3)
  6 worms
  2 dart slugs
  10 orcs
  7 bats
  6 endoplasms
  5 giant cockroaches
  9 hobgoblins
  4 jackals
  A kobold (D:3)
  6 quokkas
  6 ball pythons
  2 frilled lizards
  21 goblins
  4 rats
117 creatures vanquished.

Vanquished Creatures (others)
  A fungus (D:2)
1 creature vanquished.

Grand Total: 118 creatures vanquished

Notes
Turn   | Place    | Note
-------+----------+-------------------------------------------
     0 | D:1      | kae the Draconian Transmuter began the quest for the Orb.
     0 | D:1      | Reached XP level 1. HP: 16/16 MP: 3/3
    89 | D:1      | Found a faded altar of an unknown god.
    89 | D:1      | Found Niaxywab's Armour Boutique.
   237 | D:1      | Reached XP level 2. HP: 18/23 MP: 3/5
  1141 | D:2      | Reached XP level 3. HP: 19/29 MP: 4/6
  1580 | D:2      | Noticed Jessica
  1588 | D:2      | Killed Jessica
  1638 | D:2      | Reached XP level 4. HP: 35/36 MP: 5/7
  1794 | D:2      | Noticed Robin
  2039 | D:1      | Learned a level 3 spell: Spider Form
  2138 | D:2      | Killed Robin
  2584 | D:2      | Found a runed translucent door.
  2585 | D:2      | Noticed Crazy Yiuf
  2940 | D:2      | Killed Crazy Yiuf
  2941 | D:2      | Reached skill level 4 in Unarmed Combat
  3078 | D:3      | Reached skill level 1 in Poison Magic
  3078 | D:3      | Reached XP level 5. HP: 32/41 MP: 6/8
  3158 | D:3      | Noticed Sigmund
  3226 | D:3      | HP: 1/41 [something (3)]
  3227 | D:3      | Killed Sigmund
  3228 | D:3      | Reached XP level 6. HP: 14/50 MP: 5/10
  3317 | D:3      | Learned a level 4 spell: Ice Form
  3376 | D:3      | Noticed Natasha
  3384 | D:3      | Killed Natasha
  3419 | D:3      | Noticed Natasha
  3426 | D:3      | Killed Natasha
  3510 | D:3      | Noticed Terence
  3521 | D:3      | Killed Terence
  3522 | D:3      | Reached skill level 1 in Ice Magic
  3717 | D:3      | Noticed Natasha
  3723 | D:3      | Killed Natasha
  4115 | D:3      | Reached skill level 5 in Unarmed Combat
  4115 | D:3      | Your scales start taking on a golden yellow colour.
  4115 | D:3      | Reached XP level 7. HP: 30/57 MP: 5/11
  4115 | D:3      | Gained mutation: You are resistant to acid. (rCorr) [Yellow
                  | Draconian growth]
  4415 | D:4      | Found a shimmering altar of Xom.
  4743 | D:4      | Noticed Dowan
  4744 | D:4      | Noticed Duvessa
  4752 | D:4      | Killed Dowan
  4765 | D:4      | HP: 2/57 [Duvessa (9)]
  4766 | D:4      | Succumbed to Duvessa's poison

Illustrated notes

Levels and vault maps discovered:
D:1:      saegor_arrival_simple_a, layout_loops_cross, serial_shops,
          nicolae_shop_trees, shapermc_ecumenical_altar_venn,
          minmay_misc_feat_square
D:2:      layout_basic, minmay_puff, uniq_crazy_yiuf_cottage, uniq_jessica,
          uniq_robin
D:3:      minmay_bubble_buster, layout_basic, uniq_sigmund, uniq_terence,
          uniq_natasha
D:4:      layout_rooms, mainiacjoe_overflow_chevrons,
          nicolae_overflow_hidden_temple, gammafunk_temple_overflow_statue,
          kennysheep_another_room, uniq_duvessa

Skill      XL: |  1  2  3  4  5  6  7 |
---------------+----------------------+-----
Dodging        | 2 3 |  3.4
Fighting       | 2 3 |  3.5
Unarmed Combat | 4 5 |  5.7
Poison Magic   | 1 2 |  2.0
Spellcasting   | 3 |  3.6
Transmutations | 3 |  3.7
Ice Magic      | 1 2 |  2.9

Action                   |  1- 3 |  4- 6 |  7- 9 || total
-------------------------+-------+-------+-------++-------
Melee: Unarmed           |    80 |   203 |   108 ||   391
       Kick              |    12 |    16 |       ||    28
       Headbutt          |     5 |     9 |       ||    14
       Tailslap          |     2 |     6 |     1 ||     9
       Punch             |     1 |     3 |       ||     4
 Cast: Beastly Appendage |    20 |    14 |       ||    34
       Spider Form       |       |    19 |    12 ||    31
  Use: Scroll            |     2 |     3 |     4 ||     9
       Potion            |       |     1 |     2 ||     3
Armor: Skin              |    30 |    41 |     9 ||    80
Dodge: Dodged            |    60 |   120 |   118 ||   298

Table legend: (Time is in decaauts)
 A = Elapsed time spent in this place.
 B = Non-inter-level travel time spent in this place.
 C = Inter-level travel time spent in this place.
 D = Time resting spent in this place.
 E = Time spent auto-exploring this place.
 F = Levels seen in this place.
 G = Mean time per level.
                   A        B        C        D        E       F      G
               +--------+--------+--------+--------+--------+-----+--------+
         Total |   4745 |   4683 |     62 |    297 |   3401 |   4 | 1186.2 |
       Dungeon |   4745 |   4683 |     62 |    297 |   3401 |   4 | 1186.2 |
               +--------+--------+--------+--------+--------+-----+--------+

Top non-repeatable levels by time:
     D:2: 1675 daAuts
     D:1: 1368 daAuts
     D:3: 1284 daAuts
     D:4: 416 daAuts
